 Dungeon Crawl Stone Soup version 0.19.0-2-gae57169 (webtiles) character file.

53 varam the Chopper (level 3, 0/27 HPs)
             Began as a Demonspawn Gladiator on Nov 4, 2016.
             Slain by a kobold
             ... wielding a +0 short sword
              (3 damage)
             ... on level 1 of the Dungeon.
             The game lasted 00:02:24 (1407 turns).

varam the Chopper (Demonspawn Gladiator)            Turns: 1407, Time: 00:02:26

Health: 0/27       AC:  3    Str: 15    XL:     3   Next: 62%
Magic:  3/3        EV: 12    Int:  9    God:
Gold:   70         SH:  0    Dex: 14    Spells: 0 memorised, 2 levels left

rFire  . . .     SeeInvis .     a - +0 war axe
rCold  . . .     Gourm    .     b - +0 leather armour
rNeg   . . .     Faith    .     (no shield)
rPois  .         Spirit   .     (helmet restricted)
rElec  .         Reflect  .     (no cloak)
rCorr  .         Harm     .     (no gloves)
MR     .....                    (no boots)
Stlth  +.........               (no amulet)
                                (no ring)
                                (no ring)

@: no status effects
A: antennae 2
a: no special abilities


You were on level 1 of the Dungeon.
You were not hungry.

You visited 1 branch of the dungeon, and saw 2 of its levels.

You collected 70 gold pieces.

Inventory:

Hand Weapons
 a - a +0 war axe (weapon)
Missiles
 d - 3 throwing nets (quivered)
Armour
 b - a +0 leather armour (worn)
 c - a +0 helmet
Scrolls
 e - a scroll of enchant weapon {unknown}
 k - a scroll of fear {unknown}
Potions
 h - 2 potions of haste {unknown}
 l - a potion of cancellation {unknown}
 m - a potion of mutation {unknown}
Comestibles
 f - 2 bread rations
 g - 7 chunks of flesh
 i - 2 meat rations
 j - a slice of pizza


   Skills:
 - Level 2.1 Fighting
 * Level 4.1 Axes
 - Level 1.7 Throwing
 - Level 2.6 Dodging


You had 2 spell levels left.
You didn't know any spells.

Dungeon Overview and Level Annotations

Branches:
Dungeon (2/15)

Altars:


Innate Abilities, Weirdness & Mutations

You have a pair of antennae on your head.


Message History

The kobold hits you with a short sword. x2
Some of the chunks of flesh in your inventory have rotted away.
There is a stone staircase leading up here.
The kobold hits you with a short sword.
You climb upwards.
There is a stone staircase leading down here.
You miss the kobold.
The kobold is moderately wounded.
The kobold hits you with a short sword.
You closely miss the kobold.
The kobold is moderately wounded.
The kobold hits you with a short sword.
* * * LOW HITPOINT WARNING * * *
You miss the kobold.
The kobold is moderately wounded.
The kobold hits you but does no damage. The kobold barely misses you.
You barely miss the kobold.
The kobold is moderately wounded.
The kobold hits you with a short sword.
You die...

############### #.# #.#
..............# #.####'#####
..........###.####.#........#####
..........+........+........'....
..........###..###.#........#####
###'###+#......# #.#......[.# #
###.###.#..≈≈≈.###..........# #
...........≈!≈.K....##+###### #
.........(.≈≈≈..@........# #
###.###.#..............##########
...........###...#...............
.##.##.......+.....###+######.###
##...##....###..........# #.# #
#..#..#.................# #.# #
#.#)#.#......##.........# #.# #
...#.....##..##.........# ##.###
#.#)#.#.................####.....


You could see a kobold.

Vanquished Creatures
  2 oozes
  2 dart slugs
  A leopard gecko (D:1)
  7 goblins
  3 hobgoblins
  5 kobolds (D:1)
  A quokka (D:2)
  8 bats
  2 frilled lizards (D:1)
  8 rats (D:1)
39 creatures vanquished.

Notes
Turn   | Place    | Note
-------+----------+-------------------------------------------
     0 | D:1      | varam the Demonspawn Gladiator began the quest for the Orb.
     0 | D:1      | Reached XP level 1. HP: 16/16 MP: 1/1
    77 | D:1      | Reached skill level 3 in Axes
    93 | D:1      | Gained mutation: You have a pair of small antennae on your head. [demonic ancestry]
    93 | D:1      | Reached XP level 2. HP: 15/22 MP: 2/2
   738 | D:1      | Gained mutation: You have a pair of antennae on your head. [demonic ancestry]
   738 | D:1      | Reached XP level 3. HP: 27/27 MP: 3/3
  1152 | D:2      | Reached skill level 4 in Axes
  1407 | D:1      | Slain by a kobold

Skill      XL: |  1  2  3 |
---------------+----------+-----
Axes           | 3 4 |  4.1
Fighting       | |  2.1
Throwing       | |  1.7
Dodging        | |  2.6

Action                   || total
-------------------------++-------
Melee: War axe           ||   121
  Eat: Chunk             ||     2
Armor: Leather armour    ||    42
Dodge: Dodged            ||    99
